 Dungeon Crawl Stone Soup version 0.29.1-1-gd02db6906a (webtiles) character file.

Game seed: 11113734609804526270

587 karrick the Insei (level 7, -3/55 HPs)
             Began as a Meteoran Transmuter on Sept 23, 2022.
             Was an Initiate of Sif Muna.
             Slain by an ice beast (4 damage)
             ... on level 4 of the Dungeon.
             The game lasted 00:10:28 (1189 turns).

karrick the Insei (Meteoran Transmuter)             Turns: 1189, Time: 00:10:28

Health: -3/55      AC:  5    Str: 18    XL:     7   Next: 97%
Magic:  14/14      EV: 13    Int: 14    God:    Sif Muna [......]
Gold:   94         SH:  0    Dex: 13    Spells: 9/15 levels left

rFire   + . .      SeeInvis .     - Unarmed
rCold   + . .      Faith    .   (no shield)
rNeg    . . .      Spirit   .   a - +0 robe
rPois   +          Reflect  .   (no helmet)
rElec   +          Harm     .   e - +1 cloak
rCorr   +          Rampage  .   (no gloves)
Will    .....                   f - +0 pair of boots
Stlth   +.........              (no amulet)
HPRegen 0.18/turn               (no ring)
MPRegen 0.14/turn               (no ring)

@: resistant, glowing
A: sense surroundings 1, otherworldly, glowing, explore regen, strong 1
a: Renounce Religion


You were on level 4 of the Dungeon.
You worshipped Sif Muna.
Sif Muna was noncommittal.
You visited 2 branches of the dungeon, and saw 5 of its levels.

You collected 94 gold pieces.

Inventory:

Armour
 a - a +0 robe (worn)
 e - a +1 cloak (worn)
 f - a +0 pair of boots (worn)
Wands
 o - a wand of polymorph (10)
Scrolls
 c - 3 scrolls of identify {unknown}
 i - a scroll of enchant armour {unknown}
 k - 2 scrolls of teleportation {unknown}
 l - a scroll of immolation {unknown}
 m - a scroll of fear {unknown}
Potions
 b - a potion of brilliance {unknown}
 d - a potion of mutation
 g - a potion of invisibility {unknown}
 h - a potion of curing {unknown}
 j - 2 potions of flight {unknown}
 n - a potion of ambrosia {unknown}
 p - a potion of haste {unknown}


   Skills:
 + Level 2.2 Fighting
 + Level 3.5 Dodging
 + Level 7.5 Unarmed Combat
 + Level 4.5 Spellcasting
 + Level 4.2 Transmutations
 + Level 0.4 Poison Magic


You had 9 spell levels left.
You knew the following spells:

 Your Spells              Type           Power      Damage    Failure   Level
a - Beastly Appendage     Tmut           30%        N/A       3%          1
b - Spider Form           Tmut/Pois      9%         N/A       21%         3
c - Wereblood             Tmut           15%        N/A       4%          2

Your spell library contained the following spells:

 Spells                   Type           Power      Damage    Failure   Level
 Apportation              Tloc           6%         N/A       19%         1
 Ice Form                 Ice/Tmut       9%         N/A       58%         4
 Alistair's Intoxication  Tmut/Pois      6%         N/A       88%         5


Dungeon Overview and Level Annotations

Branches:
Dungeon (4/15) Zot: 1287   Temple (1/1) D:4 Zot: 526

Altars:
Ashenzari
Gozag
Hepliaklqana
Kikubaaqudgha
Nemelex Xobeh
Qazlal
Ru
Sif Muna
Trog
Uskayaw
Vehumet
Wu Jian
Yredelemnul
The Shining One

Annotations:
D:3 1 transporter, CougarLife's ghost, weakling GrEE


Innate Abilities, Weirdness & Mutations

You passively map a small area around you.
You are easily found by Zot.
You glow in the dark.
You regain HP and MP as you explore.
Your muscles are strong. (Str +4, Int/Dex -1)


Message History

Really walk into a travel-excluded area? 2 ice beasts come into view.
You are engulfed in freezing vapours.
You resist.
There is an open gate here.
You are engulfed in freezing vapours.
You resist.
You are engulfed in freezing vapours.
You resist.
Your horns disappear.
Your talons disappear.
Your +0 pair of boots unmelds from your body.
The ice beast hits you. The ice beast freezes you. You resist.
The ice beast closely misses you.
You see here a purple potion.
p - a purple potion The ice beast hits you.
The ice beast freezes you. You resist.
* * * LOW HITPOINT WARNING * * *
The ice beast closely misses you. The ice beast attacks as you move away!
The ice beast completely misses you.
You see here a scroll labelled SEHE NUNLYNET.
k - 2 scrolls labelled SEHE NUNLYNET (gained 1)
The ice beast hits you but does no damage.
The ice beast hits you.
* * * LOW HITPOINT WARNING * * *
The ice beast freezes you. You resist.
* * * LOW HITPOINT WARNING * * *
The goblin shouts!
The ice beast barely misses you.
The ice beast hits you but does no damage.
There is a transporter here.
You enter the transporter and appear at another place.
The ice beast hits you but does no damage.
The ice beast hits you.
* * * LOW HITPOINT WARNING * * *
The ice beast freezes you. You resist.
* * * LOW HITPOINT WARNING * * *
The ice beast hits you.
* * * LOW HITPOINT WARNING * * *
The ice beast freezes you. You resist.
* * * LOW HITPOINT WARNING * * *
A ball python comes into view.
The ice beast hits you.
You die...

####### #.....#### *
########## #.....#~~~ *
........@## #.....'~~~
.....#YY.# #.....#~~~ ,
,...g.#.©.## #.....####
, .
#############.......##
,
#.°..§)°○.##........##
** ,
*#°.°$.$○..#.........##
#..°....°.#...........
,#°☼.....°.#######.####
#○...°...°# ##.###.


You could see 2 ice beasts.

Vanquished Creatures
  The ghost of Iamsock the Ducker, an amateur GnWn (D:4)
  An ice beast (D:4)
  A phantom (D:4)
  A bullfrog (D:4)
  Natasha (twice) (D:2)
  Robin (D:2)
  2 adders
  A river rat (D:4)
  4 dart slugs
  3 ball pythons
  2 bats
  5 endoplasms
  A giant cockroach (D:3)
  11 goblins
  8 hobgoblins
  9 jackals
  7 quokkas
  A frilled lizard (D:1)
  2 kobolds
  4 rats
67 creatures vanquished.

Notes
Turn   | Place    | Note
-------+----------+-------------------------------------------
     0 | D:1      | karrick the Meteoran Transmuter began the quest for the
                  | Orb.
     0 | D:1      | Reached XP level 1. HP: 16/16 MP: 5/5
    44 | D:1      | Reached skill level 4 in Unarmed Combat
    44 | D:1      | Reached XP level 2. HP: 13/23 MP: 4/6
   150 | D:1      | Reached XP level 3. HP: 27/28 MP: 6/8
   349 | D:2      | Learned a level 3 spell: Spider Form
   352 | D:2      | Learned a level 2 spell: Wereblood
   364 | D:2      | Reached XP level 4. HP: 28/35 MP: 7/9
   456 | D:2      | Noticed Robin
   464 | D:2      | Noticed Natasha
   470 | D:2      | Reached skill level 5 in Unarmed Combat
   476 | D:2      | Killed Robin
   477 | D:2      | Killed Natasha
   478 | D:2      | Reached XP level 5. HP: 23/40 MP: 7/10
   587 | D:2      | Noticed Natasha
   600 | D:2      | Killed Natasha
   722 | D:3      | Found a transporter.
   724 | D:3      | Noticed a necrophage
   729 | D:3      | Noticed CougarLife's ghost (weakling GrEE)
   880 | D:4      | Found a sacrificial altar of Ru.
   902 | D:4      | Found a runed translucent door.
   902 | D:4      | Noticed Iamsock's ghost (amateur GnWn)
   902 | D:4      | Noticed a bullfrog
   924 | D:4      | Killed a bullfrog
   925 | D:4      | Reached skill level 6 in Unarmed Combat
   925 | D:4      | Reached XP level 6. HP: 33/48 MP: 8/12
   942 | D:4      | Gained mutation: Your muscles are strong. (Str +4, Int/Dex
                  | -1) [potion of mutation]
   942 | D:4      | Gained mutation: You are robust. (+10% HP) [potion of
                  | mutation]
   942 | D:4      | Lost mutation: You are robust. (+10% HP) [potion of
                  | mutation]
   946 | D:4      | Killed Iamsock's ghost
   947 | D:4      | Reached skill level 7 in Unarmed Combat
   947 | D:4      | Reached XP level 7. HP: 29/55 MP: 11/14
  1006 | D:4      | Found a runed translucent door.
  1042 | D:4      | Found a staircase to the Ecumenical Temple.
  1057 | Temple   | Entered the Ecumenical Temple
  1121 | Temple   | Became a worshipper of Sif Muna the Loreminder
  1155 | D:4      | Found a transporter.
  1167 | D:4      | Found a transporter.
  1188 | D:4      | HP: 1/55 [ice beast (3)]
  1189 | D:4      | Slain by an ice beast

Illustrated notes

Levels and vault maps discovered:
D:1:      dpeg_arrival_tiny_b, layout_basic, serial_rivers,
          chequers_serial_rivers_room_b, chequers_serial_rivers_large_a,
          chequers_serial_rivers_marsh, chequers_serial_rivers_small_a,
          shapermc_ecumenical_altar_rom_forum
D:2:      layout_rooms, minmay_puff, uniq_natasha, uniq_robin
D:3:      layout_rooms, nicolae_dithmenos_shadow_blocks,
          gammafunk_ghost_mausoleum
D:4:      gammafunk_cloud_chamber, layout_rooms, nicolae_ru_path_of_blood,
          mainiacjoe_overflow_concentric_impassable,
          nicolae_overflow_crystal_walls, minmay_temple_entry_slanted,
          ebering_ghost_sewer_f
Temple:   dshaligram_water_room_temple

Skill      XL: |  1  2  3  4  5  6 |
---------------+-------------------+-----
Unarmed Combat | 4 5 6 7 |  7.5
Spellcasting   | 3 4 |  4.5
Transmutations | 3 4 |  4.2
Dodging        | 3 |  3.5
Fighting       | 2 |  2.2
Poison Magic   | |  0.4

Action                   |  1- 3 |  4- 6 |  7- 9 || total
-------------------------+-------+-------+-------++-------
Melee: Unarmed           |    55 |    97 |    17 ||   169
       Kick              |    12 |    19 |     4 ||    35
       Headbutt          |     5 |     8 |     2 ||    15
       Punch             |     1 |     1 |       ||     2
 Cast: Beastly Appendage |    12 |    12 |     2 ||    26
       Wereblood         |       |     1 |       ||     1
       Spider Form       |       |     1 |       ||     1
  Use: Potion            |       |     2 |     1 ||     3
Armor: Robe              |    13 |    22 |    11 ||    46
       Skin              |       |     3 |       ||     3
Dodge: Dodged            |    35 |    35 |    13 ||    83
